 Dungeon Crawl Stone Soup version 0.29-a0-234-g0dae59b3db (webtiles) character file.

Game seed: 13769780273602834369

1521 testman the Grappler (level 8, 0/84 HPs)
             Began as a Troll Monk on Mar 3, 2022.
             Was a Believer of Elyvilon.
             Slain by a gnoll
             ... wielding a +0 whip
              (4 damage)
             ... on level 6 of the Dungeon.
             The game lasted 00:17:44 (4771 turns).

testman the Grappler (Troll Monk)                   Turns: 4771, Time: 00:17:46

Health: 0/84       AC:  4    Str: 28    XL:     8   Next: 54%
Magic:  7/7        EV: 10    Int:  6    God:    Elyvilon [**....]
Gold:   547        SH:  0    Dex: 12    Spells: 7/7 levels left

rFire   . . .      SeeInvis .     - Unarmed
rCold   . . .      Faith    .   (no shield)
rNeg    . . .      Spirit   .   a - +0 robe
rPois   .          Reflect  .   (helmet restricted)
rElec   .          Harm     .   (no cloak)
rCorr   +          Rampage  .   (gloves unavailable)
Will    +....                   (boots unavailable)
Stlth   ++........              (no amulet)
HPRegen 1.04/turn               p - +6 ring of strength
MPRegen 0.10/turn               v - ring "Iliusk" {Will+ rCorr}

@: no status effects
A: large, unfitting armour, claws 3, regeneration 1, shaggy fur 1, tough skin 1
a: Renounce Religion, Purification, Heal Other


You were on level 6 of the Dungeon.
You worshipped Elyvilon.
Elyvilon was pleased with you.
You visited 1 branch of the dungeon, and saw 6 of its levels.
You also visited: Ossuary.

You collected 573 gold pieces.
You spent 26 gold pieces at shops.

Inventory:

Missiles
 b - 104 stones (quivered)
Armour
 a - a +0 robe (worn)
Jewellery
 p - a +6 ring of strength (left claw)
 v - the ring "Iliusk" (right claw) {Will+ rCorr}
   (You found it on level 6 of the Dungeon)

   [ring of resist corrosion]

   rCorr:     It protects you from acid and corrosion.
   Will:      It increases your willpower.
Wands
 n - a wand of iceblast (10)
Scrolls
 d - a scroll of enchant weapon {unknown}
 k - a scroll of enchant armour {unknown}
 m - 3 scrolls of fear {unknown}
 o - 2 scrolls of teleportation {unknown}
 q - 2 scrolls of magic mapping
 t - a scroll of identify
 u - a scroll of noise {unknown}
Potions
 c - 2 potions of mutation
 e - 2 potions of lignification {unknown}
 f - 2 potions of degeneration {unknown}
 g - a potion of brilliance {unknown}
 h - 4 potions of heal wounds {unknown}
 i - 2 potions of flight {unknown}
 j - 2 potions of haste
 l - a potion of invisibility {unknown}
 r - 4 potions of might {unknown}
 s - a potion of magic {unknown}


   Skills:
 + Level 6.8 Fighting
 - Level 2.4 Dodging
 - Level 1.0 Stealth
 + Level 8.2 Unarmed Combat


You had 7 spell levels left.
You didn't know any spells.
Your spell library was empty.

Dungeon Overview and Level Annotations

Branches:
Dungeon (6/15)             Temple (0/1) D:6         Ossuary (visited)

Altars:
Cheibriados
Elyvilon
Fedhas
Hepliaklqana
Makhleb
Qazlal
Uskayaw

Shops:
D:1 *

Annotations:
D:3 spaghetti's ghost, weakling DsFi


Innate Abilities, Weirdness & Mutations

You are too large for most types of armour.
You have claws for hands.
Your natural rate of healing is unusually fast.
You are covered in fur. (AC +1)
You have tough skin. (AC +1)


Message History

The gnoll hits you from afar with a +0 halberd!
You claw the gnoll sergeant!
You kill the gnoll sergeant!
The gnoll hits you with a +0 halberd!
A gnoll comes into view. It is wielding a +0 halberd.
You claw the gnoll!
You kill the gnoll!
A gnoll comes into view. It is wielding a +0 whip.
Found a book of Geomancy.
The gnoll shouts!
The gnoll hits you from afar with a +0 halberd!
You see here a +0 halberd.
The gnoll hits you but does no damage.
You claw the gnoll!
The gnoll is severely wounded.
The gnoll hits you with a +0 halberd!
You barely miss the gnoll.
The gnoll is severely wounded.
The gnoll hits you with a +0 halberd! The gnoll closely misses you.
You are too injured to fight recklessly!
You are too injured to fight recklessly!
You are too injured to fight recklessly!
The gnoll hits you with a +0 halberd.
The gnoll hits you from afar with a +0 halberd.
You scratch the gnoll.
The gnoll is heavily wounded.
The gnoll hits you but does no damage.
The gnoll hits you from afar with a +0 halberd!
The gnoll hits you from afar with a +0 spear!
* * * LOW HITPOINT WARNING * * *
You scratch the gnoll.
The gnoll is heavily wounded.
You scratch the gnoll but do no damage.
The gnoll is heavily wounded.
The gnoll hits you from afar with a +0 halberd!
* * * LOW HITPOINT WARNING * * *
The gnoll hits you from afar with a +0 spear.
* * * LOW HITPOINT WARNING * * *
The gnoll hits you with a +0 whip.
You die...

#........#..=.....
#..>..##...# .#
......#..#.#
..:###...##.##.#
....###.#).##.#########
......#.#.###.##.......
#.gg).# #.##.......
##.#.## #..........
#@g.# ####....... #####
#....... #.......
########


You could see 3 gnolls.

Vanquished Creatures
  A water moccasin (D:6)
  Pargi (D:4)
  A black bear (D:6)
  2 ogres
  3 phantoms
  A scorpion (D:5)
  A necrophage (D:5)
  A gnoll sergeant (D:6)
  A jelly (D:6)
  An orc priest (D:3)
  2 hounds (D:5)
  4 iguanas
  5 orc wizards
  2 mummies (Ossuary)
  4 gnolls
  8 adders
  2 shadow imps
  A white imp (D:6)
  A worm (D:4)
  10 dart slugs
  11 orcs
  7 bats
  16 endoplasms
  4 giant cockroaches
  6 goblins
  7 hobgoblins
  10 kobolds
  4 quokkas
  10 ball pythons
  5 frilled lizards
  6 gnoll zombies (Ossuary)
  7 goblin zombies (Ossuary)
  A hobgoblin zombie (Ossuary)
  7 rats
153 creatures vanquished.

Notes
Turn   | Place    | Note
-------+----------+-------------------------------------------
     0 | D:1      | testman the Troll Monk began the quest for the Orb.
     0 | D:1      | Reached XP level 1. HP: 22/22 MP: 0/0
    68 | D:1      | Reached XP level 2. HP: 24/29 MP: 1/1
   376 | D:1      | Reached XP level 3. HP: 36/37 MP: 2/2
   425 | D:1      | Found Hafyujav's General Store.
   431 | D:1      | Bought a scroll of identify for 26 gold pieces
  1021 | D:2      | Reached skill level 4 in Unarmed Combat
  1087 | D:2      | Reached XP level 4. HP: 43/45 MP: 3/3
  1906 | D:3      | Reached XP level 5. HP: 54/54 MP: 4/4
  2151 | D:3      | Found a blossoming altar of Fedhas.
  2201 | D:3      | Found a transporter.
  2201 | D:3      | Noticed spaghetti's ghost (weakling DsFi)
  2295 | D:3      | Reached skill level 5 in Unarmed Combat
  2501 | D:3      | Found a transporter.
  2747 | D:3      | Found a faded altar of an unknown god.
  2856 | D:4      | Found a sand-covered staircase.
  2870 | Ossuary  | Entered an ossuary
  2940 | Ossuary  | Reached XP level 6. HP: 48/63 MP: 5/5
  3157 | D:4      | Noticed Pargi
  3190 | D:4      | Killed Pargi
  3702 | D:4      | Reached skill level 6 in Unarmed Combat
  3808 | D:5      | Entered Level 5 of the Dungeon
  3812 | D:5      | Reached skill level 5 in Fighting
  3818 | D:5      | Reached XP level 7. HP: 52/72 MP: 6/6
  4127 | D:5      | Found a large runed translucent door.
  4128 | D:5      | Found a large runed translucent door.
  4142 | D:5      | Reached skill level 7 in Unarmed Combat
  4146 | D:5      | Reached XP level 8. HP: 60/83 MP: 7/7
  4178 | D:5      | Found a hide-covered altar of Uskayaw.
  4181 | D:5      | Found a white marble altar of Elyvilon.
  4184 | D:5      | Became a worshipper of Elyvilon the Healer
  4184 | D:5      | Reached * piety under Elyvilon
  4184 | D:5      | Reached ** piety under Elyvilon
  4214 | D:5      | Found a stormy altar of Qazlal.
  4215 | D:5      | Found a burning altar of Makhleb.
  4291 | D:5      | Found a hazy altar of Hepliaklqana.
  4496 | D:6      | Found a snail-covered altar of Cheibriados.
  4634 | D:6      | Identified the ring "Iliusk" {Will+ rCorr}
  4689 | D:6      | Reached skill level 8 in Unarmed Combat
  4755 | D:6      | Found a staircase to the Ecumenical Temple.
  4771 | D:6      | HP: 4/84 [gnoll/+0 spear (4)]
  4771 | D:6      | Slain by a gnoll

Illustrated notes

Levels and vault maps discovered:
D:1:      lightli_arrival_maybe_door_vault, layout_basic, serial_shops, shop,
          amcnicky_mini_corridor_feature, st_stairs_9, minmay_tiny_reverse_x
D:2:      layout_basic, minmay_tetromino_s2
D:3:      layout_basic, fedhas_altar_3,
          dreamdust_ecumenical_altar_angels_and_demons,
          gammafunk_ghost_mausoleum, minmay_misc_feat_nine_boxes
D:4:      kennysheep_slugbush, layout_gridville, nicolae_ossuary_entry_monument,
          uniq_pargi
D:5:      layout_rooms, jmf_multi_god_temple2, mainiacjoe_overflow_divided_tiny,
          nzn_hepliaklqana_mist_gate
D:6:      layout_basic, kennysheep_slug_shrine, minmay_temple_entry_slanted

Skill      XL: |  1  2  3  4  5  6  7  8 |
---------------+-------------------------+-----
Fighting       | 3 4 5 6 |  6.8
Unarmed Combat | 4 5 6 7 8 |  8.2
Dodging        | |  2.4
Stealth        | |  1.0

Action                   |  1- 3 |  4- 6 |  7- 9 || total
-------------------------+-------+-------+-------++-------
Melee: Unarmed           |    93 |   198 |    79 ||   370
       Punch             |     1 |     5 |     3 ||     9
Throw: Boomerang         |       |       |    21 ||    21
       Stone             |       |       |     4 ||     4
  Use: Scroll            |     1 |     2 |       ||     3
 Stab: Sleeping          |     6 |     7 |       ||    13
Armor: Robe              |    21 |    56 |    12 ||    89
Dodge: Dodged            |    42 |   115 |    30 ||   187

Table legend: (Time is in decaauts)
 A = Elapsed time spent in this place.
 B = Non-inter-level travel time spent in this place.
 C = Inter-level travel time spent in this place.
 D = Time resting spent in this place.
 E = Time spent auto-exploring this place.
 F = Levels seen in this place.
 G = Mean time per level.
                   A        B        C        D        E       F      G
               +--------+--------+--------+--------+--------+-----+--------+
         Total |   4749 |   4587 |    162 |    210 |   3377 |   7 |  678.4 |
       Dungeon |   4592 |   4430 |    162 |    210 |   3288 |   6 |  765.3 |
       Ossuary |    156 |    156 |      0 |      0 |     89 |   1 |  156.0 |
               +--------+--------+--------+--------+--------+-----+--------+

Top non-repeatable levels by time:
     D:3: 980 daAuts
     D:2: 975 daAuts
     D:1: 882 daAuts
     D:4: 798 daAuts
     D:5: 570 daAuts
     D:6: 386 daAuts
 Ossuary: 156 daAuts
